 Dungeon Crawl Stone Soup version 0.20.1-1-g8b1a95d (webtiles) character file.

423941 ReteAZ the Black Belt (level 22, -30/231 HPs)
             Began as a Troll Monk on Aug 20, 2017.
             Was a High Priest of Jiyva.
             Killed from afar by a titan (63 damage)
             ... with a bolt of lightning
             ... on level 5 of the Vaults on Aug 23, 2017.
             The game lasted 03:50:11 (40582 turns).

ReteAZ the Black Belt (Troll Monk)                 Turns: 40582, Time: 03:50:12

Health: -30/231    AC: 22    Str: 14    XL:     22   Next: 39%
Magic:  33/33      EV: 20    Int: 18    God:    Jiyva [*****.]
Gold:   2383       SH: 16    Dex: 20    Spells: 30/37 levels left

rFire    + . .     SeeInvis .     - Unarmed
rCold    + + .     Gourm    +   K - +2 shield of Past Mistakes {rPois rF+ Regen+ Slay+3}
rNeg     . . .     Faith    .   J - +4 troll leather armour
rPois    +         Spirit   .   I - +2 hat
rElec    .         Reflect  +   B - +2 cloak
rCorr    +         Harm     .   (gloves unavailable)
MR       ++...                  (boots unavailable)
Stlth    +++.......             q - +3 amulet of reflection
Regen    2.5/turn               k - ring "Ydudecle" {EV+3 Slay+4}
MPRegen  0.3/turn               L - ring of Plog {+Inv +Fly rC++ EV+2 Int-4}

@: drained
A: unfitting armour, beak, claws 3, horns 1, thin metallic scales 1, thin
skeletal structure 2, blink, fast metabolism 3, gourmand, magic resistance 1,
poison resistance, regeneration 3, shaggy fur 1, strong 1, tough skin 2, wild
magic 1, gelatinous body 2, translucent skin 2, jelly sensing items
}: 3/15 runes: decaying, serpentine, slimy
a: Blink, Request Jelly, Slimify, Cure Bad Mutation, Renounce Religion, Evoke
Invisibility, Evoke Flight


You were on level 5 of the Vaults.
You worshipped Jiyva.
Jiyva was extremely pleased with you.
You were completely stuffed.

You visited 10 branches of the dungeon, and saw 48 of its levels.
You visited the Abyss 1 time.
You also visited: Labyrinth and Ice Cave.

You collected 3434 gold pieces.
You spent 1051 gold pieces at shops.

Inventory:

Missiles
 C - 11 javelins (quivered)
Armour
 f - a +2 robe of fire resistance
 i - +0 fire dragon scales
 B - a +2 cloak (worn)
 I - a +2 hat (worn)
 J - a +4 troll leather armour (worn)
 K - the +2 shield of Past Mistakes (worn) {rPois rF+ Regen+ Slay+3}
   (You bought it in a shop on level 14 of the Dungeon)

   It affects your accuracy and damage with ranged weapons and melee attacks
   (+3).
   It protects you from fire.
   It protects you from poison.
   It increases your rate of regeneration.
 Y - +0 ice dragon scales
Jewellery
 g - an uncursed ring of protection from cold
 k - the ring "Ydudecle" (left claw) {EV+3 Slay+4}
   (You acquired it on level 2 of the Depths)

   [ring of evasion]

   It affects your evasion (+3).
   It affects your accuracy and damage with ranged weapons and melee attacks
   (+4).
 q - a +3 amulet of reflection (around neck)
 G - an uncursed ring of poison resistance
 L - the ring of Plog (right claw) {+Inv +Fly rC++ EV+2 Int-4}
   (You took it off a rakshasa on level 2 of the Depths)

   [ring of evasion]

   It affects your evasion (+2).
   It affects your intelligence (-4).
   It greatly protects you from cold.
   It lets you turn invisible.
   It lets you fly.
Wands
 u - a wand of clouds (1/9)
 w - a wand of paralysis (11/24)
 y - a wand of confusion (36/48)
 E - a wand of acid (3/15)
 H - a wand of iceblast (1/15)
 M - a wand of acid (2/15)
 N - a wand of clouds (4/9)
Scrolls
 a - 4 scrolls of recharging
 e - 4 scrolls of blinking
 h - 7 scrolls of remove curse
 l - 5 scrolls of fog
 n - 6 scrolls of teleportation
 o - 4 scrolls of amnesia
 D - 4 scrolls of identify
 O - 5 scrolls of enchant weapon
 Q - 4 scrolls of fear
 S - 2 scrolls of enchant armour
 T - 2 scrolls of magic mapping
 V - 2 scrolls of torment
 W - a scroll of holy word
Potions
 c - a potion of berserk rage
 j - 2 potions of cancellation
 p - 4 potions of ambrosia
 s - 7 potions of curing
 v - 5 potions of might
 x - a potion of brilliance
 A - 3 potions of magic
 F - 3 potions of resistance
 P - 5 potions of flight
 U - 4 potions of agility
 X - 2 potions of haste
Books
 R - a book of Spatial Translocations

   Spells                             Type                      Level
   a - Blink                          Translocation                2
   b - Shroud of Golubria             Charms/Translocation         2
   c - Lesser Beckoning               Translocation                3
   d - Gell's Gravitas                Translocation                3
   e - Teleport Other                 Translocation                3
   f - Passage of Golubria            Translocation                4
 Z - a book of Enchantments

   Spells                             Type                      Level
   a - Cause Fear                     Hexes                        4
   b - Yara's Violent Unravelling     Hexes/Transmutation          5
   c - Silence                        Hexes/Air                    5
   d - Deflect Missiles               Charms/Air                   6
   e - Discord                        Hexes                        8
Comestibles
 b - 15 bread rations
 d - 9 royal jellies
 r - 12 meat rations
 t - 14 fruits


   Skills:
 + Level 16.0(15.5) Fighting
 + Level 13.2(12.8) Armour
 - Level 6.0(5.7) Dodging
 - Level 1.0(0.7) Stealth
 - Level 9.1(8.7) Shields
 - Level 17.0(16.5) Unarmed Combat
 - Level 8.2(7.8) Spellcasting
 - Level 11.0(10.5) Transmutations
 - Level 13.0(12.6) Earth Magic
   Level 3.1(2.8) Invocations
 - Level 10.0(9.6) Evocations


You had 30 spell levels left.
You knew the following spells:

 Your Spells              Type           Power        Failure   Level  Hunger
a - Summon Butterflies    Summ           #.......     17%         1    None
b - Statue Form           Tmut/Erth      ######...    22%         6    ######.


Dungeon Overview and Level Annotations

Branches:
Dungeon (15/15)            Temple (1/1) D:5            Lair (6/6) D:11
  Swamp (4/4) Lair:2        Snake (4/4) Lair:4        Slime (5/5) Lair:5
    Orc (2/2) D:10            Elf (3/3) Orc:2        Vaults (5/5) D:13
  Crypt (0/3) Vaults:3     Depths (3/5) D:15

Altars:
Ashenzari
Cheibriados
Dithmenos
Elyvilon
Fedhas
Gozag
Hepliaklqana
Kikubaaqudgha
Makhleb
Nemelex Xobeh
Okawaru
Qazlal
Ru
Sif Muna
Trog
Uskayaw
Vehumet
Xom
Yredelemnul
Zin
The Shining One
Jiyva

Shops:
D:4 !   D:8 *[   D:13 (?*(   D:14 [:[[=   Orc:2 *[*(:   Elf:2 (   Snake:3 (
Vaults:3 :

Portals:
Hell: Depths:1 Depths:2
Pandemonium: Depths:2

Annotations:
Lair:4 exclusion: 2 oklob plants
Slime:2 Dissolution
Slime:5 Royal Jelly


Innate Abilities, Weirdness & Mutations

You are too large for most types of armour.
You have claws for hands.
Your metabolism is lightning-fast.
You like to eat raw meat.
You regenerate.
You are covered in fur. (AC +1)
You have very tough skin. (AC +2)
You have a beak for a mouth.
You have a pair of small horns on your head.
You are partially covered in thin metallic scales. (AC +2)
You have a moderately thin skeletal structure. (Dex +4, Stealth+)
You can translocate small distances at will.
You are resistant to hostile enchantments. (MR+)
Your system is resistant to poisons. (rPois)
Your muscles are strong. (Str +2)
Your spells are a little harder to cast, but a little more powerful.
Your pliable body absorbs attacks. (AC +2, EV +2)
Your translucent skin reduces your foes' accuracy. (Stealth)
You have a small jelly attached to you that senses nearby items.


Message History

The titan casts a spell at you. The bolt of lightning hits you!
* * * LOW HITPOINT WARNING * * *
Unknown command.
You mangle the titan!!
The titan is severely wounded.
The deep elf mage gestures wildly while chanting.
The deep elf mage blinks!
A tentacled monstrosity comes into view.
You mangle the titan!!
The titan is almost dead.
The titan waves its arms in wide circles.
The air twists around and strikes you!
* * * LOW HITPOINT WARNING * * *
The deep elf mage casts a spell.
The deep elf mage blinks!
You feel magically purged.
The titan points at you and mumbles some strange words.
The bolt of lightning hits you!
You die...

#..#.....#D.
#.§#......'#
#X.#.......#
#..#........ ∆
#e.#..c..... ∆
#..#........
#...........
#§C.(#############
#@{()†............
#.1...............
##################


You could see a Hell Sentinel, a tentacled monstrosity, a titan, a yaktaur
captain and a deep elf mage.

Vanquished Creatures
  A golden dragon (Depths:1)
  Nikola (Vaults:3)
  2 tentacled monstrosities
  2 deep elf blademasters
  A quicksilver dragon (Vaults:5)
  Kirke (D:12)
  4 sphinxes
  5 nagarajas (Snake:4)
  5 tengu reavers
  A storm dragon (Vaults:5)
  An azure jelly (Snake:3)
  12 vault wardens
  6 frost giants
  4 fire giants
  A balrug (Depths:2)
  6 deep elf sorcerers
  The ghost of sadgrasan the Blocker, a journeyman FoFi of Okawaru (Depths:2)
  Aizul (Snake:1)
  4 deep elf elementalists
  16 stone giants
  9 very ugly things
  3 war gargoyles
  2 entropy weavers
  13 ironheart preservers
  4 deep elf demonologists (Elf:3)
  2 spark wasps
  Nessos (D:13)
  3 deep elf annihilators (Elf:3)
  A vampire knight (Depths:2)
  Snorg (D:10)
  4 deep elf death magi (Elf:3)
  6 ettins
  A crystal guardian (Vaults:3)
  A minotaur (Lab)
  A small abomination (Vaults:5)
  Josephine (D:10)
  4 deep elf high priests (Elf:3)
  8 yaktaur captains
  8 fire dragons
  A great orb of eyes (Depths:2)
  4 hydras
  7 ice dragons
  12 naga warriors
  Erolcha (D:11)
  15 vault guards
  4 rakshasas
  A monstrous demonspawn (Depths:2)
  7 centaur warriors
  17 ogre magi
  2 spriggan air magi
  13 anacondas
  4 catoblepae
  2 death knights (Vaults:3)
  2 ghost crabs
  2 merfolk avatars (Swamp:3)
  5 alligators
  60 two-headed ogres
  Erica (D:9)
  19 dancing weapons
  6 tengu warriors
  An alligator (shapeshifter) (Vaults:4)
  A queen ant (Lair:4)
  13 death yaks (Lair:6)
  5 deep troll shamans
  An orc high priest (Orc:2)
  A vampire mage (Depths:1)
  7 naga sharpshooters
  Urug (D:10)
  6 deep troll earth magi
  7 shock serpents
  A titan skeleton (Depths:2)
  A spriggan berserker (Depths:2)
  3 spriggans
  18 deep elf knights
  An iron troll (Depths:2)
  A sun demon (Depths:2)
  A fire crab (shapeshifter) (Vaults:3)
  3 salamander mystics
  The ghost of walar the Spear-Bearer, a novice DsGl of Ru (D:9)
  2 hell knights (Depths:1)
  3 flayed ghosts
  3 wizards
  27 deep trolls
  2 shadow wraiths
  A deep troll (shapeshifter) (Vaults:1)
  2 unseen horrors
  4 swamp dragons
  A shambling mangrove (Swamp:4)
  3 naga ritualists
  A sphinx zombie (Vaults:3)
  15 orc knights
  2 phantasmal warriors (Depths:2)
  A tengu zombie (Vaults:3)
  9 ironbrand convokers
  19 deep elf archers
  6 mana vipers
  A harpy (shapeshifter) (Vaults:2)
  52 deep elf magi
  6 necromancers
  An oklob plant (Lair:5)
  41 ugly things
  2 orc sorcerers
  A lindwurm (shapeshifter) (D:10)
  7 cyclopes
  A frost giant zombie (Depths:2)
  20 salamanders
  4 manticores
  4 wolf spiders
  A large abomination (Elf:3)
  An iron dragon skeleton (Depths:2)
  25 black mambas
  A guardian serpent (shapeshifter) (Vaults:2)
  16 naga magi
  A frost giant skeleton (Depths:2)
  6 guardian serpents
  12 elephants
  6 vault sentinels
  An orange demon (Depths:2)
  2 gargoyles (Lab)
  11 spiny frogs
  2 rime drakes
  53 yaktaurs
  5 komodo dragons
  4 freezing wraiths
  A yaktaur (shapeshifter) (Vaults:2)
  3 kobold demonologists
  An efreet (D:15)
  A yaktaur zombie (Vaults:3)
  2 ice devils (D:11)
  A jumping spider (shapeshifter) (Vaults:2)
  3 meliai (D:13)
  A jumping spider (Vaults:4)
  2 minotaur zombies (Lab)
  A meliai (shapeshifter) (Vaults:1)
  A red devil (Depths:2)
  4 polar bears
  9 trolls
  A polar bear (shapeshifter) (Vaults:2)
  13 blink frogs
  5 bog bodies
  2 tyrant leeches
  A dream sheep (shapeshifter) (Vaults:3)
  5 dream sheep (Lair:4)
  9 hornets
  A hippogriff (shapeshifter) (Vaults:2)
  An ettin zombie (Vaults:3)
  A blink frog (shapeshifter) (Vaults:1)
  8 hippogriffs
  2 shadows
  13 water elementals
  5 air elementals
  A wyvern (D:14)
  5 redbacks
  3 fire elementals
  49 yaks
  6 wraiths
  2 hogs (D:12)
  8 humans (D:13)
  3 hungry ghosts (D:12)
  A yaktaur simulacrum (Vaults:1)
  6 basilisks
  A neqoxec (Depths:2)
  6 insubstantial wisps (Swamp:2)
  49 nagas
  A warg (shapeshifter) (Depths:1)
  10 swamp worms
  6 wargs
  12 vampire mosquitoes
  An acid dragon (Vaults:1)
  24 soldier ants
  11 porcupines
  7 water moccasins
  11 swamp drakes
  An elf zombie (Vaults:1)
  10 ice beasts
  49 orc warriors
  A hornet zombie (D:14)
  2 necrophages
  A black bear (shapeshifter) (Vaults:1)
  2 black bears (D:11)
  An ice dragon simulacrum (Vaults:1)
  38 ogres
  4 sky beasts
  An elf skeleton (Vaults:3)
  8 wolves (Lair:3)
  17 centaurs
  12 crocodiles
  A human skeleton (Vaults:3)
  3 big kobolds
  3 earth elementals
  18 bullfrogs
  A water moccasin zombie (D:8)
  A wyvern skeleton (D:14)
  The ghost of ReteAZ the Ruffian, a weakling TrMo (D:3)
  2 water moccasin skeletons
  6 scorpions
  7 howler monkeys
  6 killer bees (D:10)
  An orc simulacrum (Vaults:1)
  8 wights
  3 electric eels
  8 crimson imps
  3 human simulacra
  2 bullfrog zombies
  16 orc priests
  4 centaur zombies
  3 jellies
  9 hounds
  26 orc wizards
  A bullfrog skeleton (D:5)
  4 centaur skeletons
  3 iguanas
  8 hell rats
  26 worker ants
  A worker ant zombie (D:8)
  4 gnolls (D:4)
  9 adders
  20 river rats
  6 shadow imps
  A white imp (Depths:2)
  2 ufetubi (Depths:2)
  An adder zombie (D:5)
  3 worms
  3 dart slugs (D:1)
  7 leopard geckos
  64 orcs
  2 bats
  6 giant cockroaches
  3 goblins
  6 hobgoblins
  10 jackals
  8 quokkas
  2 ball pythons
  4 frilled lizards
  A jackal zombie (D:8)
  15 kobolds
  13 rats
  A spectral orc (D:9)
  2 crawling corpses (Elf:3)
  3 fungi
  2 plants (Lair:6)
1634 creatures vanquished.

Vanquished Creatures (collateral kills)
  A deep elf archer (Vaults:2)
  3 yaktaurs (Vaults:2)
  A phantom (D:14)
5 creatures vanquished.

Vanquished Creatures (others)
  the Lernaean hydra (Swamp:4)
  A tentacled monstrosity (Vaults:5)
  11 acid blobs
  11 azure jellies
  A storm dragon (Vaults:2)
  A thorn hunter (Swamp:3)
  3 fire giants
  A nagaraja (Snake:4)
  The ghost of krupnik1 the Warrior, an adept GrFi of the Shining One (Snake:3)
  A frost giant (Vaults:5)
  2 vault wardens (Vaults:5)
  An entropy weaver (Vaults:5)
  2 ironheart preservers (Vaults:5)
  A stone giant (Vaults:5)
  A deep elf demonologist (Vaults:5)
  A deep elf annihilator (Elf:3)
  A deep elf death mage (Vaults:5)
  4 great orbs of eyes
  A merfolk javelineer (Depths:1)
  A fire dragon (Depths:2)
  An ogre mage (Vaults:3)
  2 yaktaur captains (Vaults:5)
  A deep elf high priest (Vaults:5)
  3 naga warriors
  5 hydras (Swamp:4)
  15 vault guards
  A merfolk avatar (Swamp:3)
  An alligator (Swamp:4)
  A two-headed ogre (Depths:2)
  A centaur warrior (Depths:1)
  4 anacondas
  5 naga sharpshooters
  2 tengu warriors
  A deep troll earth mage (Depths:1)
  3 dancing weapons (Elf:2)
  4 deep elf knights
  A shadow wraith (Elf:3)
  A salamander mystic (Snake:4)
  A hell knight (Depths:1)
  2 glowing orange brains
  2 deep trolls
  4 swamp dragons (Swamp:4)
  3 ironbrand convokers
  2 naga ritualists
  3 orc knights
  A deep elf archer (Vaults:5)
  A wolf spider (Vaults:4)
  2 necromancers
  2 orc sorcerers (Orc:2)
  A shining eye (Slime:5)
  An oklob plant (Lair:2)
  11 deep elf magi
  An ugly thing (Depths:1)
  3 salamanders (Snake:4)
  7 black mambas
  7 guardian serpents
  A black mamba (shapeshifter) (Vaults:3)
  A spiny frog (Swamp:4)
  3 naga magi
  3 vault sentinels
  A centaur skeleton (D:13)
  15 yaktaurs
  A tengu conjurer (D:14)
  A freezing wraith (Vaults:4)
  A merfolk (shapeshifter) (Vaults:5)
  A tyrant leech (Swamp:2)
  3 meliai (D:13)
  4 hornets
  54 slime creatures
  2 bog bodies
  A water elemental (Elf:2)
  2 spriggans (Swamp:3)
  A redback (Vaults:5)
  A tarantella (Vaults:5)
  8 humans (D:13)
  A human (shapeshifter) (Vaults:5)
  A vampire mosquito (Swamp:1)
  4 swamp worms (Swamp:4)
  3 wargs
  12 nagas
  2 water moccasins
  A soldier ant (Lair:4)
  An orc warrior (Orc:2)
  A swamp drake (Swamp:4)
  2 black bears (D:13)
  3 eyes of draining
  An ogre (Depths:1)
  2 boggarts (Vaults:2)
  2 centaurs (Depths:1)
  A bullfrog (shapeshifter) (Depths:2)
  A bullfrog (Lair:4)
  325 jellies
  An electric eel (Lair:5)
  A bullfrog zombie (D:13)
  A bullfrog skeleton (D:13)
  A hound (D:13)
  4 orc wizards
  4 orc priests
  An iguana (D:13)
  A worker ant (Lair:4)
  An ooze (Vaults:2)
  20 orcs
  A quokka (D:10)
  3 bushes (Lair:2)
  46 fungi
  26 plants
731 creatures vanquished.

Grand Total: 2370 creatures vanquished

Notes
Turn   | Place    | Note
-------+----------+-------------------------------------------
     0 | D:1      | ReteAZ the Troll Monk began the quest for the Orb.
     0 | D:1      | Reached XP level 1. HP: 22/22 MP: 0/0
   384 | D:2      | Reached XP level 2. HP: 29/29 MP: 1/1
   472 | D:4      | Noticed a howler monkey
   475 | D:4      | Killed a howler monkey
   475 | D:4      | Reached XP level 3. HP: 36/36 MP: 2/2
   606 | D:5      | Entered Level 5 of the Dungeon
   619 | D:5      | Found an ancient bone altar of Kikubaaqudgha.
   628 | D:5      | Reached skill level 4 in Unarmed Combat
   628 | D:5      | Reached XP level 4. HP: 42/45 MP: 3/3
   726 | D:5      | Found a staircase to the Ecumenical Temple.
   732 | Temple   | Entered the Ecumenical Temple
   809 | Temple   | Became a worshipper of Elyvilon the Healer
   809 | Temple   | Reached * piety under Elyvilon
   809 | Temple   | Reached ** piety under Elyvilon
  1725 | D:3      | Reached XP level 5. HP: 48/53 MP: 4/4
  1794 | D:3      | Noticed ReteAZ's ghost (weakling TrMo)
  1813 | D:3      | Killed ReteAZ's ghost
  1856 | D:3      | Reached *** piety under Elyvilon
  2143 | D:4      | Found Umax's Distillery.
  2150 | D:4      | Bought a potion of heal wounds for 55 gold pieces
  2150 | D:4      | Bought a potion of curing for 33 gold pieces
  2222 | D:4      | Found a sacrificial altar of Ru.
  2231 | D:4      | Reached skill level 5 in Unarmed Combat
  2231 | D:4      | Reached XP level 6. HP: 61/61 MP: 5/5
  2439 | D:4      | Reached **** piety under Elyvilon
  3063 | D:4      | Reached XP level 7. HP: 67/70 MP: 6/6
  3161 | D:5      | Reached skill level 6 in Unarmed Combat
  3161 | D:5      | Reached skill level 1 in Invocations
  3324 | D:5      | Found a glowing golden altar of the Shining One.
  3672 | D:5      | Reached XP level 8. HP: 71/79 MP: 8/8
  3775 | D:6      | Reached skill level 7 in Unarmed Combat
  3964 | D:6      | Reached ***** piety under Elyvilon
  4420 | D:6      | Found a stormy altar of Qazlal.
  4632 | D:7      | Reached skill level 5 in Fighting
  4632 | D:7      | Reached skill level 5 in Dodging
  4674 | D:7      | Found a snail-covered altar of Cheibriados.
  4683 | D:7      | Noticed a two-headed ogre
  4708 | D:7      | Killed a two-headed ogre
  4708 | D:7      | Reached skill level 8 in Unarmed Combat
  4708 | D:7      | Reached XP level 9. HP: 8/88 MP: 6/10
  4858 | D:7      | Found a shimmering altar of Xom.
  5320 | D:7      | You fall through a shaft!
  5346 | D:8      | Reached skill level 9 in Unarmed Combat
  5600 | D:8      | Noticed a two-headed ogre
  5610 | D:8      | Killed a two-headed ogre
  5610 | D:8      | Reached skill level 1 in Armour
  5624 | D:8      | Found Rakualif's General Store.
  5735 | D:8      | Bought a +0 cloak for 45 gold pieces
  5862 | D:8      | Found Yladilam's Antique Armour Shoppe.
  6073 | D:8      | Reached skill level 10 in Unarmed Combat
  6105 | D:8      | Found a burning altar of Makhleb.
  6127 | D:8      | Reached XP level 10. HP: 79/98 MP: 11/11
  6245 | D:9      | Noticed Erica
  6268 | D:9      | Killed Erica
  6360 | D:9      | Noticed a two-headed ogre
  6390 | D:9      | Killed a two-headed ogre
  6390 | D:9      | Reached skill level 11 in Unarmed Combat
  6498 | D:9      | Reached ****** piety under Elyvilon
  6500 | D:9      | Noticed walar's ghost (novice DsGl)
  6525 | D:9      | Killed walar's ghost
  7016 | D:9      | Found a basalt altar of Yredelemnul.
  7175 | D:10     | Entered Level 10 of the Dungeon
  7199 | D:10     | Noticed Urug
  7211 | D:10     | Killed Urug
  7415 | D:10     | Noticed a two-headed ogre
  7424 | D:10     | Killed a two-headed ogre
  7424 | D:10     | Reached skill level 12 in Unarmed Combat
  7626 | D:10     | Reached XP level 11. HP: 99/105 MP: 12/12
  7634 | D:10     | Reached skill level 5 in Armour
  7709 | D:10     | Noticed Snorg
  7739 | D:10     | Killed Snorg
  7744 | D:10     | Noticed a lindwurm
  7744 | D:10     | a wind drake changed into a lindwurm
  7748 | D:10     | HP: 4/105 [lindwurm (shapeshifter)/blast of flame (20)]
  7760 | D:10     | Killed a lindwurm
  8010 | D:10     | Noticed Josephine
  8016 | D:10     | Killed Josephine
  8016 | D:10     | Reached skill level 13 in Unarmed Combat
  8282 | D:10     | Found a staircase to the Orcish Mines.
  8573 | D:11     | Noticed a two-headed ogre
  8579 | D:11     | Killed a two-headed ogre
  8633 | D:11     | Found a frozen archway.
  8645 | D:11     | Reached skill level 14 in Unarmed Combat
  8679 | IceCv    | Entered an ice cave
  9039 | D:11     | Reached XP level 12. HP: 71/114 MP: 13/13
  9051 | D:11     | Found a staircase to the Lair.
  9055 | D:11     | Noticed Erolcha
  9065 | D:11     | Killed Erolcha
  9554 | Lair:1   | Entered Level 1 of the Lair of Beasts
 10104 | Lair:1   | Reached skill level 15 in Unarmed Combat
 10806 | Lair:4   | Noticed a queen ant
 10806 | Lair:4   | Noticed an entropy weaver
 10832 | Lair:4   | Killed a queen ant
 11069 | Lair:4   | Found a staircase to the Snake Pit.
 11178 | Lair:5   | Reached skill level 16 in Unarmed Combat
 11198 | Lair:5   | Found a viscous altar of Jiyva.
 11198 | Lair:5   | Found a staircase to the Slime Pits.
 11224 | Lair:5   | Fell from the grace of Elyvilon
 11224 | Lair:5   | Became a worshipper of Jiyva Jotef the Shapeless
 11370 | Lair:3   | Noticed a six-headed hydra
 11455 | Lair:2   | Found a staircase to the Swamp.
 11576 | Lair:2   | Reached XP level 13. HP: 58/124 MP: 14/14
 11850 | Lair:2   | Reached * piety under Jiyva
 12338 | D:1      | Reached ** piety under Jiyva
 13064 | Lair:4   | Reached skill level 1 in Evocations
 13153 | Lair:4   | Noticed an entropy weaver
 13158 | Lair:4   | Reached *** piety under Jiyva
 13311 | Lair:5   | Gained mutation: Your flesh is heat resistant. (rF+) [potion of mutation]
 13311 | Lair:5   | Gained mutation: You are partially covered in molten scales. (AC +2) [potion of mutation]
 13311 | Lair:5   | Gained mutation: You evolve. [potion of mutation]
 13311 | Lair:5   | Gained mutation: You are partially covered in icy blue scales. (AC +2) [potion of mutation]
 13453 | Lair:6   | Entered Level 6 of the Lair of Beasts
 13614 | Lair:6   | Lost mutation: You are partially covered in molten scales. (AC +2) [Jiyva's grace]
 13617 | Lair:6   | Reached **** piety under Jiyva
 13657 | Lair:6   | HP: 2/131 [death yak (11)]
 14061 | Lair:6   | Reached skill level 10 in Fighting
 14132 | Lair:6   | Reached ***** piety under Jiyva
 14133 | Lair:6   | Lost mutation: Your flesh is heat resistant. (rF+) [Jiyva's grace]
 14190 | Lair:6   | Lost mutation: You are partially covered in icy blue scales. (AC +2) [potion of mutation]
 14190 | Lair:6   | Lost mutation: You evolve. [potion of mutation]
 14190 | Lair:6   | Gained mutation: Your flesh is heat resistant. (rF+) [potion of mutation]
 14190 | Lair:6   | Gained mutation: You evolve. [potion of mutation]
 14191 | Lair:6   | Lost mutation: You evolve. [potion of mutation]
 14191 | Lair:6   | Lost mutation: Your flesh is heat resistant. (rF+) [potion of mutation]
 14191 | Lair:6   | Gained mutation: You are partially covered in large bone plates. (SH +4) [potion of mutation]
 14191 | Lair:6   | Gained mutation: You have sharp toenails. [potion of mutation]
 14449 | Lair:6   | Reached XP level 14. HP: 132/143 MP: 16/16
 14473 | Lair:6   | Reached skill level 5 in Evocations
 14763 | Lair:6   | Gained mutation: Your translucent skin slightly reduces your foes' accuracy. (Stealth) [Jiyva's grace]
 15416 | Lair:5   | Gained mutation: You have a pair of small antennae on your head. [Jiyva's grace]
 15619 | Lair:5   | Reached ****** piety under Jiyva
 15629 | Lair:4   | Slimified an entropy weaver
 15629 | Lair:4   | Noticed an acid blob
 15629 | Lair:4   | an entropy weaver changed into an acid blob
 15658 | Lair:4   | Slimified an entropy weaver
 15658 | Lair:4   | Noticed an acid blob
 15658 | Lair:4   | an entropy weaver changed into an acid blob
 15733 | Lair:4   | Lost mutation: You are partially covered in large bone plates. (SH +4) [Jiyva's grace]
 16448 | Slime:1  | Entered Level 1 of the Pits of Slime
 16448 | Slime:1  | Noticed an acid blob
 16448 | Slime:1  | Noticed an acid blob
 16456 | Slime:2  | Noticed Dissolution
 16477 | Slime:2  | Noticed an acid blob
 16490 | Slime:4  | Noticed an azure jelly
 16498 | Slime:5  | Entered Level 5 of the Pits of Slime
 16506 | Slime:5  | Noticed an azure jelly
 16509 | Slime:5  | Noticed an acid blob
 16523 | Slime:5  | Noticed an acid blob
 16523 | Slime:5  | Lost mutation: You have a pair of small antennae on your head. [Jiyva's grace]
 16525 | Slime:5  | Found a viscous altar of Jiyva.
 16525 | Slime:5  | Noticed an acid blob
 16526 | Slime:5  | Noticed an acid blob
 16526 | Slime:5  | Noticed an azure jelly
 16526 | Slime:5  | Noticed the Royal Jelly
 16530 | Slime:5  | Gained mutation: You are resistant to hostile enchantments. (MR+) [Jiyva's grace]
 16533 | Slime:5  | Got a crude graven amulet
 16534 | Slime:5  | Gained mutation: Your mind is acute. (Int +2) [Jiyva's grace]
 16535 | Slime:5  | Got a faintly humming robe
 16537 | Slime:5  | Got a slimy rune of Zot
 16538 | Slime:5  | Lost mutation: You are resistant to hostile enchantments. (MR+) [Jiyva's grace]
 16552 | Slime:5  | Noticed an acid blob
 16553 | Slime:5  | Noticed an acid blob
 16555 | Slime:5  | Lost mutation: Your mind is acute. (Int +2) [Jiyva's grace]
 16564 | Slime:5  | Noticed an acid blob
 16570 | Slime:5  | Got a pitted golden ring
 16583 | Slime:5  | Killed an acid blob
 16590 | Slime:5  | Killed an acid blob
 16599 | Slime:5  | Noticed an acid blob
 16606 | Slime:5  | Killed an acid blob
 16616 | Slime:5  | Killed an acid blob
 16632 | Slime:5  | Noticed an acid blob
 16634 | Slime:4  | Noticed an acid blob
 16663 | Slime:1  | Noticed an acid blob
 16664 | Slime:1  | Noticed an azure jelly
 16667 | Slime:1  | Noticed an azure jelly
 16779 | Lair:5   | Identified the ring of Qismiraq {MP+9 Str-4 Int+4} (You found it on level 5 of the Pits of Slime)
 16781 | Lair:5   | Identified the amulet "Wyeqeb" {Harm *Drain Slay+5 Stlth+} (You found it on level 5 of the Pits of Slime)
 16792 | Lair:5   | Identified the +1 robe "Cofunyel" {rPois Int+5 Dex+4} (You found it on level 5 of the Pits of Slime)
 16871 | Lair:5   | Gained mutation: Your system is resistant to poisons. (rPois) [Jiyva's grace]
 17518 | D:12     | Noticed Kirke
 17532 | D:12     | Killed Kirke
 17674 | D:13     | Found Raiqu's Antique Weapon Emporium.
 17749 | D:13     | Found a labyrinth entrance.
 17758 | Lab      | Entered a labyrinth
 18007 | Lab      | Learned a level 1 spell: Summon Butterflies
 18014 | Lab      | Learned a level 6 spell: Statue Form
 18034 | Lab      | Gained mutation: Scrolls take you a little longer to read. [Jiyva's grace]
 18068 | D:13     | Noticed Rupert
 18068 | D:13     | Noticed Nessos
 18079 | D:13     | Found Xakaur's Assorted Antiques.
 18130 | D:13     | Killed Nessos
 18149 | D:13     | Slimified Rupert
 18149 | D:13     | Noticed Rupert
 18149 | D:13     | Rupert changed into Rupert the acid blob
 18164 | D:13     | Lost mutation: Scrolls take you a little longer to read. [Jiyva's grace]
 18183 | D:13     | Lost mutation: You have sharp toenails. [Jiyva's grace]
 18195 | D:13     | Gained mutation: Your body has grown golden eyes which may confuse attackers. (Acc +3) [Jiyva's grace]
 18260 | D:13     | Gained mutation: You have a small jelly attached to you that may absorb incoming projectiles. [Jiyva's grace]
 18503 | D:13     | Found Duilu's Antique Weapon Shoppe.
 18561 | D:13     | Found a gate to the Vaults.
 18568 | D:13     | Found Cyshrei's Magic Scroll Emporium.
 18571 | D:13     | Bought a scroll of enchant armour for 97 gold pieces
 18571 | D:13     | Bought a scroll of identify for 26 gold pieces
 18571 | D:13     | Bought a scroll of magic mapping for 45 gold pieces
 18571 | D:13     | Bought a scroll of identify for 26 gold pieces
 18750 | D:14     | Reached skill level 17 in Unarmed Combat
 18756 | D:14     | Reached XP level 15. HP: 73/154 MP: 18/18
 18760 | D:14     | Noticed an acid blob
 18760 | D:14     | a five-headed hydra changed into an acid blob
 18762 | D:14     | Gained mutation: You possess an exceptional clarity of mind. [Jiyva's grace]
 18810 | D:14     | Identified a scroll of acquirement
 18838 | D:14     | Found Loabasoi's Armour Emporium.
 18846 | D:14     | Bought the +2 shield of Past Mistakes {rPois rF+ Regen+ Slay+3} for 724 gold pieces
 18885 | D:14     | Found Daelu's Jewellery Emporium.
 18960 | D:14     | Found Plog's Armour Shoppe.
 19005 | D:14     | Reached skill level 1 in Shields
 19084 | D:14     | Found Peli's Book Shop.
 19137 | D:14     | Found Qogova Lyoc's Antique Armour Emporium.
 19180 | D:14     | Gained mutation: You evolve. [Jiyva's grace]
 19341 | D:15     | Entered Level 15 of the Dungeon
 19418 | D:15     | Reached skill level 1 in Earth Magic
 19501 | D:15     | Found a staircase to the Depths.
 19509 | D:15     | Reached skill level 1 in Spellcasting
 19515 | D:15     | Reached skill level 1 in Transmutations
 19839 | D:15     | Gained mutation: You have a small jelly attached to you that senses nearby items. [Jiyva's grace]
 20098 | Orc:1    | Entered Level 1 of the Orcish Mines
 20289 | Orc:1    | Gained mutation: Your muscles are strong. (Str +2) [Jiyva's grace]
 20366 | Orc:1    | Gained mutation: Your spells are a little harder to cast, but a little more powerful. [Jiyva's grace]
 20415 | Orc:2    | Entered Level 2 of the Orcish Mines
 20478 | Orc:2    | Found a staircase to the Elven Halls.
 20573 | Orc:2    | Lost mutation: Your spells are a little harder to cast, but a little more powerful. [Jiyva's grace]
 20579 | Orc:2    | Gained mutation: Your body has grown many golden eyes which may confuse attackers. (Acc +5) [Jiyva's grace]
 20634 | Orc:2    | Found Muylieso's Book Boutique.
 20660 | Orc:2    | Gained mutation: You have sharp toenails. [Jiyva's grace]
 20668 | Orc:2    | Found Voun's Antique Weapon Shop.
 20682 | Orc:2    | Gained mutation: Your body is covered in golden eyes which may confuse attackers. (Acc +7, SInv) [Jiyva's grace]
 20710 | Orc:2    | Noticed an acid blob
 20710 | Orc:2    | an orc knight changed into an acid blob
 20726 | Orc:2    | Noticed an orc warlord
 20746 | Orc:1    | Lost mutation: You have sharp toenails. [Jiyva's grace]
 20799 | Orc:2    | Slimified an orc warlord
 20799 | Orc:2    | Noticed an azure jelly
 20799 | Orc:2    | an orc warlord changed into an azure jelly
 20819 | Orc:2    | Found Giss's Antique Armour Emporium.
 20829 | Orc:2    | Lost mutation: You have a small jelly attached to you that may absorb incoming projectiles. [Jiyva's grace]
 20876 | Orc:2    | Found Letonkirph's General Store.
 20887 | Orc:2    | Reached skill level 5 in Shields
 20898 | Orc:2    | Found Vurhas's General Store.
 20995 | Orc:2    | Lost mutation: Your body is covered in golden eyes which may confuse attackers. (Acc +7, SInv) [Jiyva's grace]
 21329 | Swamp:1  | Entered Level 1 of the Swamp
 21397 | Swamp:1  | Gained mutation: You have a pair of small horns on your head. [Jiyva's grace]
 22020 | Swamp:2  | Gained mutation: You are resistant to hostile enchantments. (MR+) [Jiyva's grace]
 22159 | Swamp:2  | Gained mutation: You passively map a small area around you. [evolution]
 22418 | Swamp:3  | Noticed an azure jelly
 22418 | Swamp:3  | a six-headed hydra changed into an azure jelly
 22494 | Swamp:3  | Killed a thorn hunter
 22579 | Swamp:3  | Gained mutation: You have supernaturally acute eyesight. (SInv) [Jiyva's grace]
 22759 | Swamp:3  | Noticed an acid blob
 22759 | Swamp:3  | a six-headed hydra changed into an acid blob
 22768 | Swamp:3  | Lost mutation: You possess an exceptional clarity of mind. [Jiyva's grace]
 23388 | Swamp:4  | Entered Level 4 of the Swamp
 23423 | Swamp:4  | Noticed an azure jelly
 23423 | Swamp:4  | a seven-headed hydra changed into an azure jelly
 23439 | Swamp:4  | Lost mutation: Your muscles are strong. (Str +2) [Jiyva's grace]
 23479 | Swamp:4  | Noticed the 27-headed Lernaean hydra
 23489 | Swamp:4  | Killed the 27-headed Lernaean hydra
 23491 | Swamp:4  | Gained mutation: You are covered in slimy tendrils that may disarm your opponents. [Jiyva's grace]
 23492 | Swamp:4  | Killed an azure jelly
 23498 | Swamp:4  | Noticed an azure jelly
 23498 | Swamp:4  | a seven-headed hydra changed into an azure jelly
 23534 | Swamp:4  | Reached XP level 16. HP: 141/165 MP: 19/19
 23581 | Swamp:4  | Got a decaying rune of Zot
 23758 | Swamp:4  | Lost mutation: You are resistant to hostile enchantments. (MR+) [Jiyva's grace]
 24210 | Snake:1  | Entered Level 1 of the Snake Pit
 24284 | Snake:1  | Noticed Aizul
 24303 | Snake:1  | Killed Aizul
 24572 | Snake:1  | Noticed Donald
 24591 | Snake:1  | Slimified Donald
 24591 | Snake:1  | Noticed Donald
 24591 | Snake:1  | Donald changed into Donald the acid blob
 24678 | Snake:1  | Gained mutation: Armour fits poorly on your pseudopods. [Jiyva's grace]
 24844 | Snake:2  | Gained mutation: Your spells are a little easier to cast, but a little less powerful. [Jiyva's grace]
 25053 | Snake:2  | Noticed Vashnia
 25060 | Snake:2  | Slimified Vashnia
 25060 | Snake:2  | Noticed Vashnia
 25060 | Snake:2  | Vashnia changed into Vashnia the azure jelly
 25073 | Snake:2  | Gained mutation: Your rubbery body absorbs attacks. (AC +1, EV +1) [Jiyva's grace]
 25107 | Snake:2  | Noticed Jorgrun
 25112 | Snake:2  | Slimified Jorgrun
 25112 | Snake:2  | Noticed Jorgrun
 25112 | Snake:2  | Jorgrun changed into Jorgrun the acid blob
 25124 | Snake:2  | Lost mutation: Your translucent skin slightly reduces your foes' accuracy. (Stealth) [Jiyva's grace]
 25577 | Snake:3  | Reached skill level 5 in Earth Magic
 25715 | Snake:3  | Found Oxzaterr's Weapon Shoppe.
 25735 | Snake:3  | Noticed krupnik1's ghost (adept GrFi)
 25745 | Snake:3  | Noticed an acid blob
 25745 | Snake:3  | a nagaraja changed into an acid blob
 25765 | Snake:3  | Killed krupnik1's ghost
 25766 | Snake:3  | Lost mutation: You have a small jelly attached to you that senses nearby items. [Jiyva's grace]
 25837 | Snake:3  | Gained mutation: You have a pair of horns on your head. [Jiyva's grace]
 25858 | Snake:3  | Noticed Louise
 25907 | Snake:3  | Slimified Louise
 25907 | Snake:3  | Noticed Louise
 25907 | Snake:3  | Louise changed into Louise the slime creature
 25908 | Snake:3  | Gained mutation: You can translocate small distances at will. [Jiyva's grace]
 26069 | Snake:3  | Gained mutation: Armour fits poorly on your large pseudopods. [Jiyva's grace]
 26164 | Snake:3  | Reached skill level 5 in Transmutations
 26324 | Snake:3  | Gained mutation: You are partially covered in icy blue scales. (AC +2) [Jiyva's grace]
 26419 | Snake:4  | Entered Level 4 of the Snake Pit
 26548 | Snake:4  | Noticed an acid blob
 26548 | Snake:4  | a naga warrior changed into an acid blob
 26583 | Snake:4  | Killed an acid blob
 26606 | Snake:4  | Gained mutation: You have a somewhat thin skeletal structure. (Dex +2, Stealth) [Jiyva's grace]
 26620 | Snake:4  | Reached XP level 17. HP: 123/172 MP: 23/23
 26714 | Snake:4  | Gained mutation: You heal very quickly. [Jiyva's grace]
 26722 | Snake:4  | Reached skill level 5 in Spellcasting
 26728 | Snake:4  | Lost mutation: Your spells are a little easier to cast, but a little less powerful. [Jiyva's grace]
 26784 | Snake:4  | Lost mutation: You evolve. [Jiyva's grace]
 26901 | Snake:4  | Got a serpentine rune of Zot
 26949 | Snake:4  | Lost mutation: Your body has grown many golden eyes which may confuse attackers. (Acc +5) [Jiyva's grace]
 27065 | Snake:4  | Lost mutation: Your rubbery body absorbs attacks. (AC +1, EV +1) [Jiyva's grace]
 27173 | Snake:4  | Gained mutation: Your body has grown many golden eyes which may confuse attackers. (Acc +5) [Jiyva's grace]
 27190 | Snake:4  | Lost mutation: Armour fits poorly on your large pseudopods. [Jiyva's grace]
 27210 | Snake:4  | Lost mutation: Armour fits poorly on your pseudopods. [Jiyva's grace]
 27886 | Lair:1   | Gained mutation: You are partially covered in iridescent scales. (AC +2) [Jiyva's grace]
 27978 | Depths:1 | Entered Level 1 of the Depths
 28145 | Elf:1    | Entered Level 1 of the Elven Halls
 28264 | Elf:1    | Gained mutation: Your body is covered in golden eyes which may confuse attackers. (Acc +7, SInv) [Jiyva's grace]
 28288 | Elf:1    | Identified Rivila's Grimoire of Creative Confrontation
 28602 | Elf:1    | Lost mutation: Your body is covered in golden eyes which may confuse attackers. (Acc +7, SInv) [Jiyva's grace]
 28730 | Elf:1    | Gained mutation: You have sharp toenails. [Jiyva's grace]
 28945 | Elf:2    | Gained mutation: You regenerate. [Jiyva's grace]
 28975 | Elf:2    | Found Nyah's Antique Weapon Boutique.
 29047 | Elf:2    | Gained mutation: Your body is covered in golden eyes which may confuse attackers. (Acc +7, SInv) [Jiyva's grace]
 29128 | Elf:2    | Found a runed gate.
 29128 | Elf:2    | Found a runed gate.
 29128 | Elf:2    | Found a runed gate.
 29359 | Elf:2    | Noticed a deep elf blademaster
 29379 | Elf:2    | Killed a deep elf blademaster
 29448 | Elf:2    | Reached XP level 18. HP: 63/180 MP: 27/27
 29460 | Elf:2    | HP: 3/180 [executioner's axe of freezing (9)]
 29469 | Elf:2    | Gained mutation: Your translucent skin slightly reduces your foes' accuracy. (Stealth) [Jiyva's grace]
 29524 | Elf:2    | Gained mutation: Armour fits poorly on your pseudopods. [Jiyva's grace]
 29667 | Elf:2    | Gained mutation: You are resistant to electric shocks. (rElec) [Jiyva's grace]
 29834 | Elf:3    | Entered Level 3 of the Elven Halls
 30226 | Elf:3    | Reached skill level 10 in Earth Magic
 30255 | Elf:3    | Noticed a Hell Sentinel
 30259 | Elf:3    | Lost mutation: Your system is resistant to poisons. (rPois) [Jiyva's grace]
 30308 | Elf:3    | Lost mutation: Your translucent skin slightly reduces your foes' accuracy. (Stealth) [Jiyva's grace]
 30308 | Elf:3    | Cast into level 3 of the Abyss (a deep elf demonologist)
 30320 | Abyss:3  | Found a hide-covered altar of Uskayaw.
 30343 | Abyss:3  | Found a corrupted altar of Lugonu.
 30390 | Abyss:3  | Gained mutation: You are clumsy. (Dex -2) [a neqoxec]
 30403 | Abyss:3  | Lost mutation: You have supernaturally acute eyesight. (SInv) [a neqoxec]
 30421 | Elf:3    | Escaped the Abyss
 30429 | Elf:3    | Noticed an Ice Fiend
 30472 | Elf:3    | Lost mutation: You passively map a small area around you. [Jiyva's grace]
 30542 | Elf:3    | Identified Sif Muna's Advanced Guide to Witchery
 30557 | Elf:3    | Gained mutation: Your rubbery body absorbs attacks. (AC +1, EV +1) [Jiyva's grace]
 30583 | Elf:3    | Lost mutation: You have sharp toenails. [Jiyva's grace]
 30687 | Elf:3    | Lost mutation: Armour fits poorly on your pseudopods. [Jiyva's grace]
 30934 | Elf:3    | Lost mutation: You are clumsy. (Dex -2) [Jiyva's power]
 30977 | Elf:3    | Lost mutation: You are covered in slimy tendrils that may disarm your opponents. [Jiyva's grace]
 31178 | Elf:3    | Lost mutation: You are resistant to electric shocks. (rElec) [Jiyva's grace]
 31448 | Depths:1 | Gained mutation: You have a small jelly attached to you that may absorb incoming projectiles. [Jiyva's grace]
 31570 | Depths:1 | Gained mutation: You are covered in slimy tendrils that may disarm your opponents. [Jiyva's grace]
 31617 | Depths:1 | Gained mutation: You have a pair of large horns on your head. [Jiyva's grace]
 31653 | Depths:1 | Gained mutation: Your flesh is cold resistant. (rC+) [Jiyva's grace]
 31714 | Depths:1 | Found a gateway to Hell.
 31776 | Depths:1 | Gained mutation: You have acidic saliva. [Jiyva's grace]
 31860 | Depths:1 | Reached XP level 19. HP: 133/188 MP: 30/30
 32059 | Depths:1 | Noticed a golden dragon
 32068 | Depths:1 | Killed a golden dragon
 32119 | Depths:1 | Noticed a caustic shrike
 32130 | Depths:1 | Slimified a caustic shrike
 32130 | Depths:1 | a caustic shrike changed into an acid blob
 32140 | Depths:1 | Lost mutation: You have a small jelly attached to you that may absorb incoming projectiles. [Jiyva's grace]
 32196 | Depths:1 | Lost mutation: You are partially covered in icy blue scales. (AC +2) [Jiyva's grace]
 32681 | Depths:2 | Reached skill level 10 in Transmutations
 32681 | Depths:2 | Lost mutation: You are covered in slimy tendrils that may disarm your opponents. [Jiyva's grace]
 32713 | Depths:2 | Gained mutation: You are partially covered in large bone plates. (SH +4) [Jiyva's grace]
 33024 | Depths:2 | Gained mutation: You are agile. (Dex +2) [Jiyva's grace]
 33053 | Depths:2 | Gained mutation: Your flesh is heat resistant. (rF+) [Jiyva's grace]
 33089 | Depths:2 | Gained mutation: You have a small jelly attached to you that may absorb incoming projectiles. [Jiyva's grace]
 33212 | Depths:2 | Found a runed door.
 33251 | Depths:2 | Gained mutation: You have a small jelly attached to you that senses nearby items. [Jiyva's grace]
 33424 | Depths:2 | Gained mutation: Your pliable body absorbs attacks. (AC +2, EV +2) [Jiyva's grace]
 33514 | Depths:2 | Got a crude lead ring
 33516 | Depths:2 | Identified the ring "Ydudecle" {EV+3 Slay+4} (You acquired it on level 2 of the Depths)
 33625 | Depths:2 | Paralysed by a sphinx for 4 turns
 33661 | Depths:2 | Lost mutation: Your body is covered in golden eyes which may confuse attackers. (Acc +7, SInv) [Jiyva's grace]
 33705 | Depths:2 | Gained mutation: Your gelatinous body deflects attacks. (AC +3, EV +3) [Jiyva's grace]
 33739 | Depths:2 | Reached XP level 20. HP: 166/202 MP: 31/31
 33786 | Depths:2 | Identified the Incunabulum of Glacial Malediction
 33812 | Depths:2 | Identified the ring of Plog {+Inv +Fly rC++ EV+2 Int-4} (You took it off a rakshasa on level 2 of the Depths)
 34044 | Depths:2 | Gained mutation: You are resistant to hostile enchantments. (MR+) [Jiyva's grace]
 34062 | Depths:2 | Lost mutation: You are resistant to hostile enchantments. (MR+) [Jiyva's grace]
 34082 | Depths:2 | Gained mutation: You have a beak for a mouth. [Jiyva's grace]
 34132 | Depths:2 | Found a one-way gate leading to the halls of Pandemonium.
 34216 | Depths:2 | Noticed sadgrasan's ghost (journeyman FoFi)
 34228 | Depths:2 | Killed sadgrasan's ghost
 34587 | Depths:2 | Lost mutation: You are partially covered in iridescent scales. (AC +2) [Jiyva's grace]
 34720 | Vaults:1 | Entered Level 1 of the Vaults
 35017 | Vaults:1 | Lost mutation: You have a small jelly attached to you that senses nearby items. [Jiyva's grace]
 35025 | Vaults:1 | Gained mutation: Your spells are a little harder to cast, but a little more powerful. [Jiyva's grace]
 35122 | Vaults:1 | Gained mutation: You have a moderately thin skeletal structure. (Dex +4, Stealth+) [Jiyva's grace]
 35259 | Vaults:1 | Lost mutation: You have a pair of large horns on your head. [Jiyva's grace]
 35371 | Vaults:1 | Lost mutation: Your gelatinous body deflects attacks. (AC +3, EV +3) [Jiyva's grace]
 35394 | Vaults:1 | Lost mutation: You have a pair of horns on your head. [Jiyva's grace]
 36153 | Vaults:2 | Lost mutation: You can translocate small distances at will. [Jiyva's grace]
 36162 | Vaults:2 | Reached skill level 10 in Evocations
 36287 | Vaults:2 | Got an ichor-stained shield
 36298 | Vaults:2 | Identified the cursed +0 shield of the Lobster {-Tele rC+ rN++ Stlth+} (You found it on level 2 of the Vaults)
 36312 | Vaults:2 | Lost mutation: You have a pair of small horns on your head. [Jiyva's grace]
 36402 | Vaults:2 | Noticed Boris
 36407 | Vaults:2 | Slimified Boris
 36407 | Vaults:2 | Noticed Boris
 36420 | Vaults:2 | Lost mutation: You have a small jelly attached to you that may absorb incoming projectiles. [Jiyva's grace]
 36440 | Vaults:2 | Lost mutation: Your flesh is cold resistant. (rC+) [Jiyva's grace]
 36457 | Vaults:2 | Lost mutation: You are agile. (Dex +2) [Jiyva's grace]
 36503 | Vaults:2 | Reached skill level 10 in Armour
 36570 | Vaults:2 | Gained mutation: Your translucent skin slightly reduces your foes' accuracy. (Stealth) [Jiyva's grace]
 36583 | Vaults:2 | Gained mutation: You are covered in slimy tendrils that may disarm your opponents. [Jiyva's grace]
 36616 | Vaults:2 | Lost mutation: You are covered in slimy tendrils that may disarm your opponents. [Jiyva's grace]
 36628 | Vaults:2 | Reached XP level 21. HP: 213/213 MP: 32/32
 36881 | Vaults:2 | Gained mutation: You are agile. (Dex +2) [Jiyva's grace]
 37112 | Vaults:2 | Lost mutation: You are agile. (Dex +2) [Jiyva's grace]
 37157 | Vaults:2 | Lost mutation: You are partially covered in large bone plates. (SH +4) [Jiyva's grace]
 37222 | Vaults:3 | Found Benattoe's Book Shop.
 37277 | Vaults:3 | Noticed Nikola
 37283 | Vaults:3 | Killed Nikola
 37305 | Vaults:3 | Found a staircase to the Crypt.
 37737 | Vaults:3 | Gained mutation: Your translucent skin reduces your foes' accuracy. (Stealth) [Jiyva's grace]
 37751 | Vaults:3 | Lost mutation: Your body has grown many golden eyes which may confuse attackers. (Acc +5) [Jiyva's grace]
 37764 | Vaults:3 | Lost mutation: Your translucent skin reduces your foes' accuracy. (Stealth) [Jiyva's grace]
 37775 | Vaults:3 | Noticed Xtahua
 37784 | Vaults:3 | Slimified Xtahua
 37784 | Vaults:3 | Noticed Xtahua
 37784 | Vaults:3 | Xtahua changed into Xtahua the azure jelly
 37790 | Vaults:3 | Gained mutation: You evolve. [Jiyva's grace]
 37804 | Vaults:3 | Lost mutation: Your flesh is heat resistant. (rF+) [Jiyva's grace]
 37896 | Vaults:3 | Killed Xtahua the azure jelly
 37910 | Vaults:3 | Lost mutation: Your body has grown golden eyes which may confuse attackers. (Acc +3) [Jiyva's grace]
 37979 | Vaults:3 | Gained mutation: You rapidly evolve. [Jiyva's grace]
 37996 | Vaults:3 | Gained mutation: Your system is resistant to poisons. (rPois) [Jiyva's grace]
 38094 | Vaults:3 | Lost mutation: You rapidly evolve. [Jiyva's grace]
 38094 | Vaults:3 | Lost mutation: You evolve. [Jiyva's grace]
 38094 | Vaults:3 | Gained mutation: You are somewhat resistant to further mutation. [Jiyva's grace]
 38402 | Vaults:3 | Gained mutation: Your gelatinous body deflects attacks. (AC +3, EV +3) [Jiyva's grace]
 38686 | Vaults:4 | Reached skill level 15 in Fighting
 38716 | Vaults:4 | Gained mutation: You have a small jelly attached to you that may absorb incoming projectiles. [Jiyva's grace]
 38878 | Vaults:4 | Gained mutation: You have a pair of small horns on your head. [Jiyva's grace]
 38929 | Vaults:4 | Gained mutation: You are partially covered in thin metallic scales. (AC +2) [Jiyva's grace]
 39251 | Vaults:4 | Gained mutation: You possess an exceptional clarity of mind. [Jiyva's grace]
 39442 | Vaults:4 | Reached XP level 22. HP: 228/228 MP: 33/33
 39483 | Vaults:4 | Lost mutation: You have acidic saliva. [Jiyva's grace]
 39675 | Vaults:4 | Lost mutation: Your translucent skin slightly reduces your foes' accuracy. (Stealth) [Jiyva's grace]
 39839 | Vaults:4 | Gained mutation: You have a small jelly attached to you that senses nearby items. [Jiyva's grace]
 39908 | Vaults:4 | Lost mutation: You possess an exceptional clarity of mind. [Jiyva's grace]
 39917 | Vaults:5 | Entered Level 5 of the Vaults
 39996 | Vaults:4 | Lost mutation: You are somewhat resistant to further mutation. [Jiyva's grace]
 39996 | Vaults:4 | Gained mutation: You evolve. [Jiyva's grace]
 40117 | Vaults:5 | Gained mutation: Your translucent skin slightly reduces your foes' accuracy. (Stealth) [Jiyva's grace]
 40125 | Vaults:5 | Gained mutation: Your translucent skin reduces your foes' accuracy. (Stealth) [Jiyva's grace]
 40133 | Vaults:5 | Lost mutation: You evolve. [Jiyva's grace]
 40134 | Vaults:5 | Lost mutation: You have a small jelly attached to you that may absorb incoming projectiles. [Jiyva's grace]
 40146 | Vaults:5 | Lost mutation: Your gelatinous body deflects attacks. (AC +3, EV +3) [Jiyva's grace]
 40153 | Vaults:5 | Noticed an ancient lich
 40163 | Vaults:5 | Gained mutation: Your muscles are strong. (Str +2) [Jiyva's grace]
 40166 | Vaults:5 | HP: 9/299 [titan/the air (27)]
 40166 | Vaults:5 | HP: 4/299 [tentacled monstrosity (4)]
 40256 | Vaults:5 | Gained mutation: You can translocate small distances at will. [Jiyva's grace]
 40345 | Vaults:5 | Gained mutation: You are resistant to hostile enchantments. (MR+) [Jiyva's grace]
 40582 | Vaults:5 | Killed from afar by a titan

Skill      XL: |  1  2  3  4  5  6  7  8  9 10 11 12 13 14 15 16 17 18 19 20 21 22 |
---------------+-------------------------------------------------------------------+-----
Fighting       | 3 4 5 6 7 10 11 13 15 16 | 16.0
Unarmed Combat | 4 5 6 8 10 12 14 16 17 | 17.0
Dodging        | 3 4 5 6 |  6.0
Invocations    | 2 3 |  3.1
Armour         | 2 4 6 8 9 10 12 13 | 13.2
Evocations     | 4 6 10 | 10.0
Shields        | 9 |  9.1
Earth Magic    | 1 6 9 11 12 13 | 13.0
Spellcasting   | 1 4 6 8 |  8.2
Transmutations | 1 5 7 9 10 11 | 11.0
Stealth        | |  1.0

Action                   |  1- 3 |  4- 6 |  7- 9 | 10-12 | 13-15 | 16-18 | 19-21 | 22-24 || total
-------------------------+-------+-------+-------+-------+-------+-------+-------+-------++-------
Melee: Unarmed           |    38 |   170 |   249 |   664 |  1430 |  1417 |  1696 |   233 ||  5897
       Punch             |       |     5 |    13 |    40 |    69 |       |       |       ||   127
       Kick              |       |       |       |       |   175 |   143 |       |       ||   318
       Headbutt          |       |       |       |       |    76 |   416 |   299 |    56 ||   847
       Pseudopods        |       |       |       |       |       |   200 |       |       ||   200
       Bite              |       |       |       |       |       |     2 |   296 |     1 ||   299
       Peck              |       |       |       |       |       |       |   274 |    65 ||   339
Throw: Tomahawk          |       |       |     5 |       |       |       |       |       ||     5
       Javelin           |       |       |       |       |     4 |     4 |       |       ||     8
 Cast: Statue Form       |       |       |       |       |       |       |     3 |     1 ||     4
Invok: Heal Other        |       |       |     2 |     3 |       |       |       |       ||     5
       Greater Healing   |       |       |       |     6 |       |       |       |       ||     6
       Request Jelly     |       |       |       |       |     2 |     1 |       |       ||     3
       Slimify           |       |       |       |       |    15 |    26 |    11 |    12 ||    64
       Cure Bad Mutation |       |       |       |       |       |     1 |       |       ||     1
Evoke: Wand              |       |       |     5 |     9 |     9 |     3 |     2 |       ||    28
  Use: Scroll            |       |       |    17 |    15 |    22 |     6 |     8 |     4 ||    72
       Potion            |       |       |     1 |       |    11 |     7 |     3 |     5 ||    27
 Stab: Sleeping          |     1 |     2 |     2 |     4 |    13 |     2 |    10 |       ||    34
       Distracted        |       |       |       |       |     5 |     6 |     2 |       ||    13
       Confused          |       |       |       |       |    15 |    44 |    44 |       ||   103
       Invisible         |       |       |       |       |       |     2 |     1 |       ||     3
  Eat: Chunk             |    11 |    18 |    33 |    52 |    39 |    17 |     6 |       ||   176
       Fruit             |       |       |       |     1 |       |       |       |       ||     1
Armor: Robe              |     9 |    29 |    55 |    21 |       |       |       |       ||   114
       Troll leather arm |       |       |       |   249 |   495 |   276 |   241 |    33 ||  1294
       Skin              |       |       |       |       |       |       |     7 |    73 ||    80
Dodge: Dodged            |    32 |    75 |   123 |   331 |   719 |   457 |   613 |   187 ||  2537
Block: Other             |       |       |       |       |    15 |       |       |       ||    15
       Shield            |       |       |       |       |   353 |   907 |  1085 |   203 ||  2548
       Reflection        |       |       |       |       |       |   107 |    83 |    10 ||   200
